 Dungeon Crawl Stone Soup version 0.27.1-33-g824d729ab1 (webtiles) character file.

Game seed: 15457645356279272919

458 boopmooplesden the Shield-Bearer (level 6, -4/56 HPs)
             Began as a Minotaur Fighter on Dec 16, 2021.
             Slain by a gnoll (7 damage)
             ... on level 4 of the Dungeon.
             The game lasted 00:04:05 (3162 turns).

boopmooplesden the Shield-Bearer (Minotaur Fighter) Turns: 3162, Time: 00:04:06

Health: -4/56      AC:  8    Str: 22    XL:     6   Next: 77%
Magic:  5/5        EV:  8    Int:  5    God:
Gold:   141        SH: 10    Dex: 10    Spells: 5/5 levels left

rFire    . . .     SeeInvis .   q - +2 mace (venom)
rCold    . . .     Faith    .   c - +0 kite shield
rNeg     . . .     Spirit   .   b - +0 scale mail
rPois    .         Reflect  .   (helmet restricted)
rElec    .         Harm     .   (no cloak)
rCorr    .         Rampage  .   (no gloves)
Will     .....                  g - +0 pair of boots
Stlth    ..........             (no amulet)
HPRegen  0.18/turn              (no ring)
MPRegen  0.09/turn              (no ring)

@: brilliant, lethally poisoned (-4 -> -10)
A: horns 2, retaliatory headbutt
a: no special abilities


You were on level 4 of the Dungeon.
You visited 1 branch of the dungeon, and saw 4 of its levels.

You collected 141 gold pieces.

Inventory:

Hand Weapons
 a - a +0 flail
 q - a +2 mace of venom (weapon)
 r - a +1 whip of venom
 s - a +6 flail of protection
Armour
 b - a +0 scale mail (worn)
 c - a +0 kite shield (worn)
 g - a +0 pair of boots (worn)
Jewellery
 k - an amulet of faith
 m - a ring of magical power
 o - a ring of protection from cold
 p - a ring of see invisible
Scrolls
 f - 3 scrolls of identify
 h - a scroll of acquirement {unknown}
 i - a scroll of holy word
 j - a scroll of enchant armour {unknown}
 t - 2 scrolls of magic mapping
Potions
 d - a potion of might
 e - a potion of degeneration
 l - a potion of brilliance
 n - a potion of curing {unknown}


   Skills:
 + Level 5.2 Fighting
 + Level 4.8 Maces & Flails
 + Level 5.1 Armour
 + Level 1.9 Dodging
 + Level 0.2 Stealth
 + Level 5.7 Shields


You had 5 spell levels left.
You didn't know any spells.
Your spell library contained the following spells:

 Spells                   Type           Power      Damage    Failure   Level
 Sting                    Tmut/Pois      0%         1d3       99%         1
 Poisonous Vapours        Pois/Air       0%         N/A       100%        2
 Olgreb's Toxic Radiance  Pois           0%         N/A       100%        4
 Alistair's Intoxication  Tmut/Pois      0%         N/A       100%        5
 Borgnjor's Vile Clutch   Necr/Erth      0%         N/A       100%        5
 Eringya's Noxious Bog    Tmut/Pois      0%         N/A       100%        6


Dungeon Overview and Level Annotations

Branches:
Dungeon (4/15)
 Temple: D:4-7

Altars:

Shops:
D:1 *   D:4 !

Annotations:
D:4 JamezByez's ghost, amateur MiFi


Innate Abilities, Weirdness & Mutations

You have a pair of horns on your head.
You reflexively headbutt those who attack you in melee.


Message History

You kill the orc!
The gnoll hits you from afar with a +1 halberd of venom!
You are poisoned.
A gnoll comes into view. It is wielding a +0 club.
You feel very sick.
The gnoll shouts!
You block the gnoll's attack.
The gnoll moves out of view.
Things that are here:
a +0 hand axe; a +0 halberd; a gnoll corpse You hit the gnoll.
The gnoll is poisoned.
The gnoll is moderately wounded.
You feel very sick. The gnoll barely misses you.
You hit the gnoll but do no damage.
The gnoll is heavily wounded.
You feel sick. You block the gnoll's attack.
The gnoll hits you with a +1 halberd of venom!
You are lethally poisoned!
You hit the gnoll.
The gnoll looks as sick as possible!
The gnoll is severely wounded.
* * * LOW HITPOINT WARNING * * *
You feel very sick.
You kill the gnoll!
You block the gnoll's attack.
You hit the gnoll.
The gnoll is poisoned.
Your headbutt misses the gnoll.
The gnoll is moderately wounded.
* * * LOW HITPOINT WARNING * * *
You feel very sick. The gnoll barely misses you.
You hit the gnoll but do no damage.
The gnoll looks as sick as possible!
The gnoll is moderately wounded.
* * * LOW HITPOINT WARNING * * *
You feel very sick. You block the gnoll's attack.
The gnoll hits you with a +0 whip.
* * * LOW HITPOINT WARNING * * *
It was a potion of brilliance.
You feel clever all of a sudden.
* * * LOW HITPOINT WARNING * * *
You feel sick. The gnoll hits you with a +0 whip!
You die...

...........(...............
..........................P.
≈≈≈≈≈≈....≈≈≈≈≈≈≈≈≈≈≈≈≈≈≈≈≈≈≈
≈≈≈≈≈≈≈....≈≈≈≈≈≈≈≈≈≈≈≈≈≈≈≈≈≈≈
≈≈≈≈....≈≈≈≈≈≈≈≈≈≈≈≈#####≈≈
....................#go #≈≈
####''''#############
#...O####### +..go'g@)..+
#..og####### ##''##


og... ......gg .......oOo. ...)........ ######++##### You could see an ogre, 3
gnolls and 2 orcs.

Vanquished Creatures
  Edmund (D:4)
  2 orc priests (D:4)
  A hound (D:4)
  An iguana (D:4)
  An orc wizard (D:4)
  3 adders
  8 gnolls (D:4)
  An adder skeleton (D:4)
  A dart slug (D:4)
  12 orcs
  9 ball pythons
  3 endoplasms
  7 giant cockroaches
  8 goblins
  6 hobgoblins
  4 jackals (D:4)
  2 kobolds (D:1)
  2 quokkas
  8 bats
  3 frilled lizards
  7 rats
90 creatures vanquished.

Notes
Turn   | Place    | Note
-------+----------+-------------------------------------------
     0 | D:1      | boopmooplesden the Minotaur Fighter began the quest for the
                  | Orb.
     0 | D:1      | Reached XP level 1. HP: 19/19 MP: 0/0
   263 | D:1      | Reached XP level 2. HP: 24/27 MP: 1/1
   539 | D:1      | Found Ruim's Assorted Antiques.
   928 | D:2      | Reached XP level 3. HP: 30/33 MP: 2/2
  1899 | D:3      | Reached XP level 4. HP: 41/41 MP: 3/3
  2237 | D:4      | Found Taimeahi's Distillery.
  2244 | D:4      | Reached XP level 5. HP: 32/47 MP: 4/4
  2253 | D:4      | Reached skill level 1 in Dodging
  2253 | D:4      | Reached skill level 5 in Shields
  2417 | D:4      | Reached skill level 5 in Fighting
  2692 | D:4      | Noticed an ogre
  2692 | D:4      | Noticed JamezByez's ghost (amateur MiFi)
  2692 | D:4      | Identified the +8 dire flail of Kedghu {distort, rPois}
  2692 | D:4      | Noticed an ogre
  2730 | D:4      | Noticed Edmund
  2741 | D:4      | Killed Edmund
  2742 | D:4      | Reached XP level 6. HP: 41/56 MP: 5/5
  2852 | D:4      | Reached skill level 5 in Armour
  3162 | D:4      | Slain by a gnoll

Illustrated notes

Levels and vault maps discovered:
D:1:      erik_arrival_orb_chamber, layout_basic, serial_shops,
          nicolae_shop_trees
D:2:      layout_loops_cross
D:3:      layout_rooms
D:4:      lemuel_castle_with_subvaults [lemuel_castle_interior_original],
          layout_basic, serial_shops, shop_statue, gammafunk_ghost_smash,
          nicolae_shop_self_help, uniq_edmund

Skill      XL: |  1  2  3  4  5  6 |
---------------+-------------------+-----
Shields        | 4 5 |  5.7
Fighting       | 4 5 |  5.2
Armour         | 4 5 |  5.1
Maces & Flails | 3 4 |  4.8
Dodging        | 1 |  1.9
Stealth        | |  0.2

Action                   |  1- 3 |  4- 6 || total
-------------------------+-------+-------++-------
Melee: Flail             |   107 |    14 ||   121
       Headbutt          |    14 |    21 ||    35
       Mace              |       |    97 ||    97
  Use: Scroll            |     6 |       ||     6
       Potion            |       |     1 ||     1
Armor: Scale mail        |    73 |    42 ||   115
Dodge: Dodged            |    38 |    35 ||    73
Block: Kite shield       |    78 |    75 ||   153
